 Dungeon Crawl Stone Soup version 0.29.0-5-ge4962eb29e (webtiles) character file.

Game seed: 885634151783404588

1329 Anothat the Shield-Bearer (level 8, -1/64 HPs)
             Began as a Formicid Fighter on Aug 28, 2022.
             Was a Believer of Uskayaw.
             Slain by a killer bee (4 damage)
             ... on level 5 of the Dungeon.
             The game lasted 00:09:11 (6388 turns).

Anothat the Shield-Bearer (Formicid Fighter)        Turns: 6388, Time: 00:09:11

Health: -1/64      AC: 13    Str: 24    XL:     8   Next: 91%
Magic:  8/8        EV:  8    Int:  7    God:    Uskayaw [**....]
Gold:   421        SH:  6    Dex: 13    Spells: 7/7 levels left

rFire   . . .      SeeInvis +   a - +1 war axe
rCold   . . .      Faith    .   c - +0 buckler
rNeg    . . .      Spirit   .   n - +0 chain mail
rPois   +          Reflect  .   (helmet unavailable)
rElec   .          Harm     .   m - +0 cloak
rCorr   .          Rampage  .   i - +1 pair of gloves
Will    .....                   (no boots)
Stlth   ..........              (no amulet)
HPRegen 0.20/turn               p - ring of poison resistance
MPRegen 0.11/turn               (no ring)

@: no status effects
A: permanent stasis, dig shafts and tunnels, antennae 3, four strong arms
a: Dig, Shaft Self, Renounce Religion, Stomp, Line Pass


You were on level 5 of the Dungeon.
You worshipped Uskayaw.
Uskayaw was noncommittal.
You visited 1 branch of the dungeon, and saw 6 of its levels.

You collected 421 gold pieces.

Inventory:

Hand Weapons
 a - a +1 war axe (weapon)
Armour
 c - a +0 buckler (worn)
 i - a +1 pair of gloves (worn)
 m - a +0 cloak (worn)
 n - a +0 chain mail (worn)
Jewellery
 p - a ring of poison resistance (left hand)
Wands
 f - a wand of quicksilver (12)
 q - a wand of charming (15)
Scrolls
 k - 4 scrolls of identify
 l - 2 scrolls of blinking
Potions
 d - a potion of might
 e - a potion of magic
 g - a potion of cancellation
 h - 2 potions of degeneration {unknown}
 j - a potion of curing {unknown}
 o - a potion of heal wounds {unknown}
 r - 2 potions of flight {unknown}
 s - a potion of invisibility
 t - a potion of haste {unknown}


   Skills:
 + Level 6.0 Fighting
 * Level 6.7 Axes
 + Level 5.9 Armour
 + Level 7.1 Shields


You had 7 spell levels left.
You didn't know any spells.
Your spell library contained the following spells:

 Spells                   Type           Power      Damage    Failure   Level
 Foxfire                  Conj/Fire      0%         2x1d4     98%         1
 Conjure Flame            Conj/Fire      0%         6-21      100%        3
 Dazzling Flash           Conj/Hex       0%         N/A       100%        3
 Inner Flame              Hex/Fire       0%         N/A       100%        3
 Summon Guardian Golem    Hex/Summ       0%         N/A       100%        3
 Flame Wave               Conj/Fire      0%         2d4       100%        4
 Iskenderun's Mystic Bla  Conj/Tloc      0%         2d3       100%        4
 Starburst                Conj/Fire      0%         6d3       100%        6
 Orb of Destruction       Conj           0%         9d5       100%        7
 Spellforged Servitor     Conj/Summ      0%         N/A       100%        7


Dungeon Overview and Level Annotations

Branches:
Dungeon (6/15)             Temple (0/1) D:5

Altars:
Fedhas
Uskayaw
Xom
The Shining One

Shops:
D:2 ?


Innate Abilities, Weirdness & Mutations

You cannot be hasted, slowed, berserked, paralysed or teleported.
You can dig through walls and to a lower floor.
You have a pair of large antennae on your head. (SInv)
Your four strong arms can wield two-handed weapons with a shield.


Message History

The killer bee is moderately wounded.
You hit the killer bee but do no damage.
You feel sick.
The killer bee stings you but does no damage. x2
The killer bee stings you.
* * * LOW HITPOINT WARNING * * *
The killer bee stings you but does no damage. x2
You block the killer bee's attack.
You closely miss the killer bee.
The killer bee is moderately wounded.
You catch the helpless killer bee completely off-guard!
You hit the killer bee.
You feel sick. The killer bee stings you.
* * * LOW HITPOINT WARNING * * *
You miss the killer bee.
The killer bee is moderately wounded.
You miss the killer bee.
You feel sick.
The killer bee stings you but does no damage.
The killer bee closely misses you. You block the killer bee's attack.
The killer bee stings you but does no damage.
You slash the killer bee!
The killer bee is almost dead.
You miss the killer bee.
You feel sick.
You are no longer poisoned.
The killer bee stings you but does no damage.
You hit the killer bee but do no damage.
The killer bee is almost dead.
You barely miss the killer bee.
You flicker for a moment.
The killer bee closely misses you.
The killer bee stings you but does no damage.
The killer bee misses you. The killer bee stings you.
* * * LOW HITPOINT WARNING * * *
The killer bee barely misses you. The killer bee stings you.
* * * LOW HITPOINT WARNING * * *
It was a potion of cancellation.
Your magical effects are unravelling.
You feel magically purged.
You flicker back into view.
The killer bee stings you.
You die...

#...<..## ###...............
##.......#####.................
#.)........##..................
##...........#[.................
#.........#......(..............
##..........##...................
#...........###..................
#...........####.y...............
#............# #@y...............
##...........# ##................
#...[.......# #................
#...........# #................
#...........## ##..............#
#............###..............)#
###........####.###........####.
##......## ### ########## ##
########


You could see 2 killer bees.

Vanquished Creatures
  An ice beast (D:5)
  A black bear (D:5)
  3 ogres (D:5)
  2 necrophages (D:5)
  A bullfrog (D:6)
  2 scorpions
  2 hounds (D:5)
  A jelly (D:5)
  An orc priest (D:4)
  An orc wizard (D:2)
  4 iguanas
  Robin (D:4)
  7 adders
  A white imp (D:5)
  A worm (D:2)
  4 dart slugs
  7 orcs
  7 ball pythons
  4 bats
  7 endoplasms
  3 giant cockroaches (D:1)
  15 goblins
  12 hobgoblins
  10 jackals
  8 quokkas
  6 frilled lizards
  7 kobolds
  4 rats
123 creatures vanquished.

Vanquished Creatures (collateral kills)
  Eustachio (D:5)
  A shadow imp (D:5)
2 creatures vanquished.

Vanquished Creatures (others)
  3 toadstools (D:1)
3 creatures vanquished.

Grand Total: 128 creatures vanquished

Notes
Turn   | Place    | Note
-------+----------+-------------------------------------------
     0 | D:1      | Anothat the Formicid Fighter began the quest for the Orb.
     0 | D:1      | Reached XP level 1. HP: 18/18 MP: 1/1
    41 | D:1      | Reached XP level 2. HP: 24/24 MP: 2/2
   386 | D:1      | Found a faded altar of an unknown god.
   431 | D:1      | Prayed at the altar of an unknown god.
   431 | D:1      | Became a worshipper of Uskayaw the Reveller
   431 | D:1      | Reached * piety under Uskayaw
   448 | D:1      | Reached ** piety under Uskayaw
   453 | D:1      | Reached XP level 3. HP: 21/29 MP: 3/3
  1209 | D:2      | Reached XP level 4. HP: 37/37 MP: 4/4
  1351 | D:2      | Reached *** piety under Uskayaw
  1353 | D:2      | Reached **** piety under Uskayaw
  1599 | D:2      | Reached XP level 5. HP: 37/42 MP: 5/5
  1906 | D:2      | Found Inoif's Magic Scroll Boutique.
  2954 | D:3      | Found a shimmering altar of Xom.
  2957 | D:3      | Found a glowing golden altar of the Shining One.
  2983 | D:3      | Reached skill level 5 in Shields
  3388 | D:4      | Found a hide-covered altar of Uskayaw.
  3560 | D:4      | Reached XP level 6. HP: 48/48 MP: 6/6
  3590 | D:4      | Noticed Robin
  3602 | D:4      | Killed Robin
  4513 | D:5      | Entered Level 5 of the Dungeon
  4513 | D:5      | Noticed Eustachio
  4527 | D:5      | Killed Eustachio
  4528 | D:5      | Reached XP level 7. HP: 15/55 MP: 7/7
  4644 | D:5      | Reached skill level 5 in Axes
  4659 | D:5      | Reached skill level 5 in Fighting
  5090 | D:5      | Found a staircase to the Ecumenical Temple.
  5127 | D:5      | Reached skill level 5 in Armour
  5127 | D:5      | Reached skill level 6 in Shields
  5134 | D:5      | Reached XP level 8. HP: 37/62 MP: 8/8
  5997 | D:5      | Found a blossoming altar of Fedhas.
  6131 | D:5      | Reached skill level 7 in Shields
  6387 | D:5      | HP: 2/64 [killer bee (4)]
  6388 | D:5      | Slain by a killer bee

Illustrated notes

Levels and vault maps discovered:
D:1:      mushboom_english_gardens, layout_basic, serial_glass, glass_columns_b,
          glass_columns_a, glass_columns_b, glass_columns_b, glass_columns_c,
          glass_columns_a, glass_columns_a, glass_columns_a, glass_columns_b,
          glass_columns_a, dreamdust_ecumenical_altar_drowned_temple,
          minmay_gold_behind_fungi
D:2:      layout_loops_corners, serial_shops, shop,
          wander_ebering_terrifying_dragon_lair
D:3:      layout_basic, nicolae_overflow_hidden_temple, st_stairs_6,
          lightli_corner_chamber
D:4:      layout_basic, nicolae_uskayaw_murder_on_the_dancefloor, uniq_robin
D:5:      minmay_spotlight, layout_cave_pods, kennysheep_mini_moat,
          minmay_temple_entry_junction, uniq_eustachio
D:6:      layout_rooms, nzn_hepliaklqana_mist_gate, makhleb_heckhound_becter,
          mainiacjoe_overflow_concentric_impassable, minmay_puff

Skill      XL: |  1  2  3  4  5  6  7  8 |
---------------+-------------------------+-----
Axes           | 3 4 5 6 |  6.7
Fighting       | 4 5 6 |  6.0
Armour         | 4 5 |  5.9
Shields        | 5 6 7 |  7.1

Action                   |  1- 3 |  4- 6 |  7- 9 || total
-------------------------+-------+-------+-------++-------
Melee: War axe           |    80 |   212 |   107 ||   399
Invok: Line Pass         |       |     1 |     2 ||     3
Evoke: Wand              |       |     5 |       ||     5
  Use: Scroll            |     3 |     6 |     3 ||    12
       Potion            |       |       |     2 ||     2
 Stab: Paralysed         |       |     7 |     7 ||    14
       Confused          |       |       |     1 ||     1
       Invisible         |       |       |     1 ||     1
Armor: Scale mail        |    37 |   106 |       ||   143
       Chain mail        |       |    17 |    67 ||    84
Dodge: Dodged            |    42 |   110 |    54 ||   206
Block: Buckler           |    21 |    60 |    35 ||   116
